 Dungeon Crawl Stone Soup version 0.22.1-1-ga44c0e56f4 (webtiles) character file.

210 Reeggar the Shooter (level 5, -2/41 HPs)
             Began as a Centaur Arcane Marksman on Oct 20, 2018.
             Killed from afar by an orc wizard (8 damage)
             ... with a puff of frost
             ... on level 3 of the Dungeon.
             The game lasted 00:20:50 (3019 turns).

Reeggar the Shooter (Centaur Arcane Marksman)       Turns: 3019, Time: 00:21:07

Health: -2/41      AC:  9    Str: 12 (13) XL:     5   Next: 56%
Magic:  7/7        EV:  8    Int: 15 (17) God:
Gold:   85         SH:  0    Dex:  8 (10) Spells: 6/7 levels left

rFire    . . .     SeeInvis .   a - +0 shortbow
rCold    . . .     Gourm    .   (shield currently unavailable)
rNeg     . . .     Faith    .   p - +3 ring mail
rPois    .         Spirit   .   (no helmet)
rElec    .         Reflect  .   (no cloak)
rCorr    .         Harm     .   r - +0 pair of gloves
MR       .....                  (no barding)
Stlth    ..........             (no amulet)
HPRegen  0.13/turn              (no ring)
MPRegen  0.10/turn              (no ring)

@: brilliant, very quick
A: large, hooves 3, deformed body, speed 2, tough skin 3
a: no special abilities


You were on level 3 of the Dungeon.
You were hungry.

You visited 1 branch of the dungeon, and saw 3 of its levels.

You collected 85 gold pieces.

Inventory:

Hand Weapons
 a - a +0 shortbow (weapon)
 u - a +1 flail of holy wrath
Missiles
 d - 20 arrows (quivered)
Armour
 c - a +0 leather armour
 e - a +0 robe
 p - a +3 ring mail (worn)
 r - a +0 pair of gloves (worn)
Jewellery
 w - an uncursed ring of protection from fire {unknown}
Scrolls
 g - a scroll of random uselessness {unknown}
 l - 6 scrolls of identify {unknown}
 m - a scroll of remove curse {unknown}
 o - a scroll of magic mapping {unknown}
 t - a scroll of fear {unknown}
Potions
 b - a potion of brilliance
 h - 2 potions of might {unknown}
 j - 2 potions of curing {unknown}
 k - 2 potions of degeneration
 n - a potion of lignification {unknown}
 q - a potion of invisibility {unknown}
 s - 2 potions of haste {unknown}
 v - a potion of heal wounds {unknown}
Comestibles
 f - 8 rations


   Skills:
 + Level 2.0 Fighting
 + Level 5.7 Bows
 + Level 0.6 Armour
 + Level 2.0 Dodging
 * Level 1.5 Spellcasting
 + Level 3.1 Hexes


You had 6 spell levels left.
You knew the following spells:

 Your Spells              Type           Power        Failure   Level  Hunger
a - Corona                Hex            ###....      1%          1    ##.....

Your spell library contained the following spells:

 Spells                   Type           Power        Failure   Level  Hunger
 Slow                     Hex            ###.....     2%          2    ###....
 Inner Flame              Hex/Fire       ##......     10%         3    ####...
 Portal Projectile        Hex/Tloc       ##....       10%         3    ####...
 Cause Fear               Hex            ###.......   16%         4    #####..
 Leda's Liquefaction      Hex/Erth       ##........   26%         4    #####..


Dungeon Overview and Level Annotations

Branches:
Dungeon (3/15)

Altars:


Innate Abilities, Weirdness & Mutations

You have hooves in place of feet.
Armour fits poorly on your strangely shaped body.
You cover ground very quickly.
You have extremely tough skin. (AC +3)


Message History

Press: ? - help, Shift-Dir - straight line You shoot an arrow.
Something hits you.
* * * LOW HITPOINT WARNING * * *
Something hits you but does no damage.
Firing (i - inventory)
d - 20 arrows (quivered)
Press: ? - help, Shift-Dir - straight line
Okay, then.
It was a potion of degeneration.
There was something very wrong with that liquid.
You feel weakened.
You feel dopey.
You feel clumsy.
You are feeling hungry.
Something hits you but does no damage.
It was a potion of brilliance.
You feel clever all of a sudden. Something hits you.
* * * LOW HITPOINT WARNING * * *
You hear some strange, mumbled words.
A puff of frost appears from out of thin air!
The puff of frost hits you!
You die...

###.....#.#.#
......)...#.#
###########(###.#
#.....)....(....#
#.##########.##.#
#.# #.(#(# #.#
.......#.#.# #.#
###....#...# #.#
#....##@.# #)#
#.... #({# ###)#
#.... #)># ....#
.#+##.((.(.
#########.
..(#####(.
####....# #..(.
## ......<.# #...
.###....# #(## .#
#....# #.


There were no monsters in sight!

Vanquished Creatures
  An orc wizard (D:3)
  Terence (D:2)
  4 gnolls (D:3)
  5 adders
  An ooze (D:2)
  3 worms (D:2)
  2 orcs (D:3)
  14 bats
  2 giant cockroaches
  8 goblins
  8 hobgoblins
  2 quokkas (D:2)
  4 ball pythons
  5 frilled lizards
  3 kobolds
  5 rats (D:2)
68 creatures vanquished.

Notes
Turn   | Place    | Note
-------+----------+-------------------------------------------
     0 | D:1      | Reeggar the Centaur Arcane Marksman began the quest for the
                  | Orb.
     0 | D:1      | Reached XP level 1. HP: 16/16 MP: 2/2
   427 | D:1      | Reached XP level 2. HP: 23/23 MP: 3/3
   627 | D:1      | Reached skill level 3 in Bows
  1340 | D:2      | Reached XP level 3. HP: 24/28 MP: 4/4
  1708 | D:2      | Reached skill level 4 in Bows
  1746 | D:2      | Noticed Terence
  1765 | D:2      | Killed Terence
  1765 | D:2      | Reached XP level 4. HP: 28/35 MP: 5/5
  2618 | D:3      | Reached skill level 5 in Bows
  2629 | D:3      | Reached XP level 5. HP: 15/41 MP: 6/6
  3019 | D:3      | Killed from afar by an orc wizard

Skill      XL: |  1  2  3  4  5 |
---------------+----------------+-----
Hexes          | 3 |  3.1
Bows           | 3 4 5 |  5.7
Fighting       | 2 |  2.0
Dodging        | 2 |  2.0
Armour         | |  0.6
Spellcasting   | |  1.5

Action                   |  1- 3 |  4- 6 || total
-------------------------+-------+-------++-------
Melee: Shortbow          |       |     1 ||     1
 Fire: Shortbow          |   155 |   152 ||   307
  Use: Potion            |       |     2 ||     2
  Eat: Chunk             |     1 |     3 ||     4
Armor: Leather armour    |     9 |       ||     9
       Robe              |     3 |       ||     3
       Ring mail         |    59 |    61 ||   120
Dodge: Dodged            |    59 |    39 ||    98
